 Dungeon Crawl Stone Soup version 0.27-a0-277-g024f7ef292 (webtiles) character file.

Game seed: 635535730010670452

257 tilp the Covert (level 6, -2/53 HPs)
             Began as a Gnoll Delver on Feb 6, 2021.
             Was a Follower of Cheibriados.
             Slain by an iguana (8 damage)
             ... on level 3 of the Dungeon.
             The game lasted 00:04:51 (3515 turns).

tilp the Covert (Gnoll Delver)                      Turns: 3515, Time: 00:04:52

Health: -2/53      AC: 11    Str: 13    XL:     6   Next: 16%
Magic:  8/8        EV:  4    Int: 14    God:    Cheibriados [*.....]
Gold:   212        SH:  0    Dex: 15    Spells: 8/8 levels left

rFire    . . .     SeeInvis .   a - +4 dagger
rCold    . . .     Faith    .   (no shield)
rNeg     . . .     Spirit   .   x - +0 plate armour
rPois    .         Reflect  .   (no helmet)
rElec    .         Harm     .   (no cloak)
rCorr    .         Rampage  .   d - +0 pair of gloves
Will     .....                  (no boots)
Stlth    ..........             (no amulet)
HPRegen  0.17/turn              (no ring)
MPRegen  0.11/turn              (no ring)

@: very slow
A: distributed training, fangs 1, strong nose
a: Renounce Religion, Bend Time


You were on level 3 of the Dungeon.
You worshipped Cheibriados.
Cheibriados was aware of your devotion.
You visited 2 branches of the dungeon, and saw 7 of its levels.

You collected 212 gold pieces.

Inventory:

Hand Weapons
 a - a +4 dagger (weapon)
 b - a +0 flail
 h - a +0 rapier
 j - a +0 mace
 B - a +3 short sword
Missiles
 k - 102 stones (quivered)
 o - 43 arrows
 v - 26 sling bullets
 w - 16 poisoned darts
Armour
 d - a +0 pair of gloves (worn)
 x - a +0 plate armour (worn)
Wands
 g - a wand of digging (3)
 l - a wand of polymorph (9)
Scrolls
 c - 2 scrolls of fog
 e - a scroll of fear
 i - a scroll of enchant armour {unknown}
 q - 3 scrolls of remove curse
 t - a scroll of magic mapping
 y - a scroll of blinking {unknown}
 z - a scroll of enchant weapon {unknown}
Potions
 f - 2 potions of haste
 m - 2 potions of attraction
 n - a potion of heal wounds
 p - a potion of flight {unknown}
 r - 2 potions of curing
 s - a potion of degeneration {unknown}
 u - a potion of invisibility {unknown}
 A - a potion of resistance {unknown}
 C - a potion of ambrosia {unknown}
 D - a potion of lignification {unknown}


   Skills:
 + Level 6.8 Fighting
 + Level 1.8 Short Blades
 + Level 1.8 Long Blades
 + Level 1.8 Axes
 + Level 4.9 Maces & Flails
 + Level 1.8 Polearms
 + Level 1.8 Staves
 + Level 1.8 Slings
 + Level 1.8 Bows
 + Level 1.8 Crossbows
 + Level 1.8 Throwing
 + Level 1.8 Armour
 + Level 4.9 Dodging
 + Level 9.7 Stealth
 + Level 1.8 Shields
 + Level 1.8 Unarmed Combat
 + Level 1.8 Spellcasting
 + Level 1.4 Conjurations
 + Level 1.4 Hexes
 + Level 1.4 Summonings
 + Level 1.4 Necromancy
 + Level 1.4 Translocations
 + Level 1.4 Transmutations
 + Level 1.4 Fire Magic
 + Level 1.4 Ice Magic
 + Level 1.4 Air Magic
 + Level 1.4 Earth Magic
 + Level 1.4 Poison Magic
 + Level 2.0 Invocations
 + Level 1.8 Evocations


You had 8 spell levels left.
You didn't know any spells.
Your spell library was empty.

Dungeon Overview and Level Annotations

Branches:
Dungeon (6/15)             Temple (1/1) D:4

Altars:
Ashenzari
Cheibriados
Dithmenos
Fedhas
Gozag
Kikubaaqudgha
Okawaru
Uskayaw
Vehumet
Wu Jian
Xom
Yredelemnul
Zin
The Shining One

Annotations:
D:1 stone wall vault


Innate Abilities, Weirdness & Mutations

Your experience applies equally to all skills.
You have very sharp teeth.
Your uncanny sense of smell can sniff out nearby items.


Message History

* * * LOW HITPOINT WARNING * * *
You hit the iguana but do no damage. You bite the iguana, but do no damage.
The iguana is almost dead.
The iguana bites you but does no damage.
You hit the iguana but do no damage.
The iguana is almost dead.
You hit the iguana but do no damage. You bite the iguana, but do no damage.
The iguana is almost dead.
The iguana bites you but does no damage.
You barely miss the iguana.
The iguana is almost dead.
The iguana bites you but does no damage.
You hit the iguana but do no damage. You bite the iguana, but do no damage.
The iguana is almost dead.
The iguana bites you.
* * * LOW HITPOINT WARNING * * *
Your plate armour prevents you from hitting the iguana.
The iguana is almost dead.
The iguana bites you!
You die...

...# ...# ...#
...#### ......#
..###.# # ..#
∆###.####### ##
.##
.........(###...##
##
......†[..@l(....#
###.#####.###<...#
#.# #.# #.# #.##
###.#.###.# ∆
..###....#
###.#.##### #.##


You could see an iguana.

Vanquished Creatures
  A centaur skeleton (D:6)
  An orc wizard (D:3)
  Natasha (twice) (D:4)
  A worker ant (D:4)
  4 adders (D:2)
  A gnoll (D:1)
  An ooze (D:2)
  A worm (D:2)
  4 dart slugs
  3 leopard geckos (D:3)
  5 orcs (D:3)
  4 giant cockroaches
  3 goblins
  7 hobgoblins
  3 jackals (D:2)
  5 kobolds
  A ball python (D:2)
  7 bats
  4 frilled lizards
  14 rats
72 creatures vanquished.

Notes
Turn   | Place    | Note
-------+----------+-------------------------------------------
     0 | D:5      | Reached skill level 9 in Stealth
     0 | D:5      | tilp the Gnoll Delver began the quest for the Orb.
     0 | D:5      | Reached XP level 1. HP: 23/23 MP: 1/1
    19 | D:6      | Reached XP level 2. HP: 11/29 MP: 2/2
    19 | D:6      | Reached XP level 3. HP: 14/35 MP: 3/3
   266 | D:3      | Reached skill level 1 in Short Blades
   266 | D:3      | Reached skill level 1 in Long Blades
   266 | D:3      | Reached skill level 1 in Axes
   266 | D:3      | Reached skill level 1 in Polearms
   266 | D:3      | Reached skill level 1 in Staves
   266 | D:3      | Reached skill level 1 in Slings
   266 | D:3      | Reached skill level 1 in Bows
   266 | D:3      | Reached skill level 1 in Crossbows
   266 | D:3      | Reached skill level 1 in Throwing
   266 | D:3      | Reached skill level 1 in Armour
   266 | D:3      | Reached skill level 1 in Shields
   266 | D:3      | Reached skill level 1 in Unarmed Combat
   266 | D:3      | Reached skill level 1 in Spellcasting
   266 | D:3      | Reached skill level 1 in Invocations
   266 | D:3      | Reached skill level 1 in Evocations
   266 | D:3      | Reached XP level 4. HP: 20/41 MP: 5/5
   848 | D:1      | You fall into a shaft and drop 1 floor!
   870 | D:2      | Reached skill level 1 in Conjurations
   870 | D:2      | Reached skill level 1 in Hexes
   870 | D:2      | Reached skill level 1 in Summonings
   870 | D:2      | Reached skill level 1 in Necromancy
   870 | D:2      | Reached skill level 1 in Translocations
   870 | D:2      | Reached skill level 1 in Transmutations
   870 | D:2      | Reached skill level 1 in Fire Magic
   870 | D:2      | Reached skill level 1 in Ice Magic
   870 | D:2      | Reached skill level 1 in Air Magic
   870 | D:2      | Reached skill level 1 in Earth Magic
   870 | D:2      | Reached skill level 1 in Poison Magic
  1283 | D:1      | Reached XP level 5. HP: 46/47 MP: 6/6
  2615 | D:3      | You fall into a shaft and drop 1 floor!
  2616 | D:4      | Noticed Natasha
  2641 | D:4      | Killed Natasha
  2847 | D:4      | Noticed Natasha
  2858 | D:4      | Killed Natasha
  2859 | D:4      | Reached XP level 6. HP: 53/53 MP: 8/8
  2862 | D:4      | Found a staircase to the Ecumenical Temple.
  2886 | Temple   | Entered the Ecumenical Temple
  3068 | Temple   | Became a worshipper of Cheibriados the Contemplative
  3485 | D:3      | Reached * piety under Cheibriados
  3515 | D:3      | Slain by an iguana

Illustrated notes

Levels and vault maps discovered:
D:1:      erik_arrival_cave_to_civilisation [erik_arrival_cave_to_hall],
          layout_basic, grunt_decor_mini_mirrors, minmay_vboxes
D:2:      layout_basic, hangedman_decor_lopped, minmay_fractal_squares_5
D:3:      layout_loops_ring
D:4:      layout_loops_ring, temple_pool_b, uniq_natasha
D:5:      layout_gridville, serial_bayou_pond_b
D:6:      layout_cave_pools, basic_altar, nemelex_xobeh_ov_fountains_minmay
Temple:   eino_narrow_crystal_temple

Skill      XL: |  1  2  3  4  5 |
---------------+----------------+-----
Stealth        | |  9.7
Short Blades   | 1 |  1.8
Long Blades    | 1 |  1.8
Axes           | 1 |  1.8
Polearms       | 1 |  1.8
Staves         | 1 |  1.8
Slings         | 1 |  1.8
Bows           | 1 |  1.8
Crossbows      | 1 |  1.8
Throwing       | 1 |  1.8
Armour         | 1 |  1.8
Shields        | 1 |  1.8
Unarmed Combat | 1 |  1.8
Spellcasting   | 1 |  1.8
Invocations    | 1 2 |  2.0
Evocations     | 1 |  1.8
Conjurations   | 1 |  1.4
Hexes          | 1 |  1.4
Summonings     | 1 |  1.4
Necromancy     | 1 |  1.4
Translocations | 1 |  1.4
Transmutations | 1 |  1.4
Fire Magic     | 1 |  1.4
Ice Magic      | 1 |  1.4
Air Magic      | 1 |  1.4
Earth Magic    | 1 |  1.4
Poison Magic   | 1 |  1.4
Fighting       | |  6.8
Maces & Flails | |  4.9
Dodging        | |  4.9

Action                   |  1- 3 |  4- 6 || total
-------------------------+-------+-------++-------
Melee: Mace              |    19 |       ||    19
       Bite              |     2 |    17 ||    19
       Flail             |     7 |       ||     7
       Dagger            |       |   230 ||   230
       Punch             |       |     3 ||     3
Throw: Stone             |       |     5 ||     5
  Use: Scroll            |     1 |     5 ||     6
 Stab: Sleeping          |       |     6 ||     6
Armor: Leather armour    |     5 |     3 ||     8
       Scale mail        |       |    42 ||    42
       Plate armour      |       |    73 ||    73
Dodge: Dodged            |    14 |    79 ||    93

Table legend: (Time is in decaauts)
 A = Elapsed time spent in this place.
 B = Non-inter-level travel time spent in this place.
 C = Inter-level travel time spent in this place.
 D = Time resting spent in this place.
 E = Time spent auto-exploring this place.
 F = Levels seen in this place.
 G = Mean time per level.
                   A        B        C        D        E       F      G
               +--------+--------+--------+--------+--------+-----+--------+
         Total |   3623 |   3507 |    116 |    612 |   2148 |   7 |  517.6 |
       Dungeon |   3433 |   3340 |     93 |    612 |   1984 |   6 |  572.2 |
        Temple |    190 |    167 |     23 |      0 |    164 |   1 |  190.0 |
               +--------+--------+--------+--------+--------+-----+--------+

Top non-repeatable levels by time:
     D:2: 1196 daAuts
     D:1: 899 daAuts
     D:3: 808 daAuts
     D:4: 307 daAuts
     D:6: 203 daAuts
  Temple: 190 daAuts
     D:5: 18 daAuts
